 Dungeon Crawl Stone Soup version 0.29.0 (webtiles) character file.

Game seed: 9993746789495282712

926 gelatine the Chopper (level 7, -8/58 HPs)
             Began as a Palentonga Delver on Aug 24, 2022.
             Was a Believer of Ru.
             Mangled by an orc warrior
             ... wielding a +0 glaive
              (16 damage)
             ... on level 6 of the Dungeon on Aug 25, 2022.
             The game lasted 00:18:15 (4775 turns).

gelatine the Chopper (Palentonga Delver)            Turns: 4775, Time: 00:18:15

Health: -8/58      AC: 13    Str: 19    XL:     7   Next: 85%
Magic:  7/7        EV: 14    Int: 10    God:    Ru [**....]
Gold:   254        SH:  0    Dex: 12    Spells: 6/6 levels left

rFire   + . .      SeeInvis +   q - +2 hand axe (freeze)
rCold   + . .      Faith    .   (no shield)
rNeg    . . .      Spirit   .   p - +1 robe
rPois   .          Reflect  .   C - +1 hat
rElec   .          Harm     .   h - scarf {rC+ rF+}
rCorr   .          Rampage  .   (no gloves)
Will    +....                   (no barding)
Stlth   ..........              (no amulet)
HPRegen 0.19/turn               e - +4 ring of evasion
MPRegen 0.10/turn               f - ring of willpower

@: confused, ambrosia-drunk, flying, curled up
A: large, rugged brown scales 3, see invisible, deformed body, no stealth, hated
by all, roll 1, armoured tail, reflexive curl
a: Rolling Charge, Renounce Religion


You were on level 6 of the Dungeon.
You worshipped Ru.
Ru was pleased with you.
You visited 1 branch of the dungeon, and saw 5 of its levels.

You collected 254 gold pieces.

Inventory:

Hand Weapons
 q - a +2 hand axe of freezing (weapon)
 y - a +0 arbalest
 D - a +3 flail of venom
Missiles
 v - 2 boomerangs of dispersal
 A - 2 poisoned darts
Armour
 b - an orb of energy
 h - a scarf of resistance (worn)
 n - a +0 kite shield
 p - a +1 robe (worn)
 C - a +1 hat (worn)
Jewellery
 a - a ring of protection from cold
 e - a +4 ring of evasion (left hand)
 f - a ring of willpower (right hand)
 m - a ring of magical power
 o - a ring of positive energy
Wands
 g - a wand of digging (3)
Scrolls
 c - 2 scrolls of fog
 d - 4 scrolls of magic mapping
Potions
 t - a potion of flight
 u - a potion of cancellation {unknown}
 w - a potion of attraction {unknown}
 x - a potion of curing {unknown}
 z - a potion of lignification {unknown}
 B - a potion of mutation {unknown}


   Skills:
 + Level 4.5 Fighting
 + Level 5.8 Axes
 + Level 1.6 Ranged Weapons
 + Level 1.2 Armour
 + Level 3.4 Dodging
 + Level 1.6 Shields


You had 6 spell levels left.
You didn't know any spells.
Your spell library contained the following spells:

 Spells                   Type           Power      Damage    Failure   Level
 Airstrike                Air            0%         2d(0-16)  98%         4
 Lightning Bolt           Conj/Air       0%         1d11      100%        5
 Summon Lightning Spire   Summ/Air       Unusable   N/A       N/A         4

Dungeon Overview and Level Annotations

Branches:
Dungeon (6/15)
 Temple: D:4-7

Altars:
Cheibriados
Elyvilon
Makhleb
Ru
Wu Jian

Shops:
D:4 (


Innate Abilities, Weirdness & Mutations

You are completely covered in rugged brown scales. (AC +3, +7% HP)
You have supernaturally acute eyesight. (SInv)
Armour fits poorly on your strangely shaped body.
You cannot be stealthy.
You are hated by all.
You can roll at nearby foes to attack.
You have a long armoured tail.
You curl defensively after being hit. (AC +7*)


Message History

An orc comes into view. It is wielding a +0 dagger.
The orc shouts!
Items here: ( )) [ †.
You closely miss the orc warrior.
The orc warrior is stunned by your conviction and fails to attack.
You hit the orc warrior but do no damage.
The orc wizard casts a spell.
The orc wizard flickers and vanishes for a moment.
The orc warrior misses you.
A howler monkey comes into view.
You hit the orc warrior but do no damage.
The howler monkey begins to attack, but is stunned by your conviction!
The orc warrior closely misses you.
You closely miss the orc warrior.
The orc warrior hits you with a +0 glaive!!
You hit the orc warrior. You freeze the orc warrior.
You tail-slap the orc warrior, but do no damage.
The orc warrior is lightly wounded.
The orc warrior hits you with a +0 glaive!
You closely miss the orc warrior.
The orc warrior is lightly wounded.
The orc warrior hits you with a +0 glaive!
* * * LOW HITPOINT WARNING * * *
You barely miss the orc warrior.
The orc warrior is lightly wounded.
The orc wizard begins to cast a spell, but is stunned by your conviction!
The orc warrior hits you with a +0 glaive!
* * * LOW HITPOINT WARNING * * *
You closely miss the orc warrior.
Your tail-slap misses the orc warrior.
The orc warrior is lightly wounded.
The orc warrior misses you.
It was a potion of flight.
You feel very buoyant.
You fly up into the air.
The orc warrior barely misses you.
Okay, then.
It was a potion of ambrosia.
You are confused.
You feel invigorated.
The orc warrior hits you with a +0 glaive!
You die...

..#..#.........# .
.......#####.#.# #.
###..### #.#.# .
....## #.#.# .#
##### ###.#.# ..
#####.....# .#
######.....#.### .#
.......#####.#####o#
.####### #.#..@oo#
## #...##### #.###
###


You could see an orc warrior, an orc wizard (invisible) and an orc.

Vanquished Creatures
  Eustachio (D:4)
  2 ice beasts
  An ogre (D:6)
  2 scorpions
  A howler monkey (D:5)
  2 orc priests
  A gnoll bouda (D:6)
  An iguana (D:5)
  Terence (D:2)
  An orc wizard (D:3)
  6 gnolls
  5 adders
  A white imp (D:5)
  A dart slug (D:2)
  22 orcs
  4 ball pythons
  7 endoplasms
  A giant cockroach (D:4)
  4 goblins
  8 hobgoblins
  4 jackals (D:5)
  7 kobolds
  A quokka (D:2)
  2 bats (D:3)
  5 frilled lizards
  6 rats
  A spectral kobold (D:2)
98 creatures vanquished.

Notes
Turn   | Place    | Note
-------+----------+-------------------------------------------
     0 | D:5      | gelatine the Palentonga Delver began the quest for the Orb.
     0 | D:5      | Reached XP level 1. HP: 19/19 MP: 1/1
    36 | D:3      | Noticed Terence
    60 | D:2      | Reached XP level 2. HP: 7/25 MP: 2/2
   599 | D:2      | Found a faded altar of an unknown god.
   689 | D:2      | Prayed at the altar of an unknown god.
   689 | D:2      | Became a worshipper of Ru the Awakened
   694 | D:2      | Gained mutation: You are hated by all. [Ru sacrifice]
   694 | D:2      | Reached * piety under Ru
   694 | D:2      | Reached ** piety under Ru
   747 | D:2      | Reached XP level 3. HP: 17/31 MP: 3/3
  2004 | D:2      | Killed Terence
  2005 | D:2      | Reached skill level 1 in Armour
  2005 | D:2      | Reached XP level 4. HP: 23/37 MP: 4/4
  2166 | D:3      | Reached skill level 3 in Axes
  2168 | D:3      | Reached XP level 5. HP: 14/43 MP: 5/5
  3359 | D:4      | Reached skill level 4 in Axes
  3359 | D:4      | Reached skill level 1 in Shields
  3359 | D:4      | Reached XP level 6. HP: 49/51 MP: 6/6
  3498 | D:4      | Noticed Eustachio
  3522 | D:4      | Killed Eustachio
  3700 | D:4      | Found Kyfun's Weapon Shop.
  3893 | D:5      | Gained mutation: You curl defensively after being hit. (AC
                  | +7*) [Palentonga growth]
  3893 | D:5      | Reached XP level 7. HP: 44/57 MP: 7/7
  3897 | D:5      | Reached skill level 1 in Ranged Weapons
  4041 | D:5      | Found a white marble altar of Elyvilon.
  4042 | D:5      | Found an ornate altar of the Wu Jian Council.
  4042 | D:5      | Found a snail-covered altar of Cheibriados.
  4043 | D:5      | Found a burning altar of Makhleb.
  4048 | D:5      | Gained mutation: You cannot be stealthy. [Ru sacrifice]
  4129 | D:5      | Reached skill level 5 in Axes
  4772 | D:6      | HP: 2/58 [orc warrior/+0 glaive (8)]
  4775 | D:6      | Mangled by an orc warrior

Illustrated notes

Levels and vault maps discovered:
D:2:      layout_basic, dreamdust_ecumenical_altar_drowned_temple, st_stairs_6,
          corexii_corridor_pit, nicolae_concentric_dashed_squares_mild,
          nrook_mini_vaults, minmay_close_crescents
D:3:      layout_rooms, uniq_terence
D:4:      cheibrodos_quashed, layout_rooms, serial_shops, kennysheep_mini,
          uniq_eustachio
D:5:      layout_rooms, grunt_temple_overflow_open
D:6:      layout_rooms, nicolae_elevator_lobby_plus, uniq_grinder

Skill      XL: |  1  2  3  4  5  6  7 |
---------------+----------------------+-----
Armour         | 1 |  1.2
Axes           | 3 4 5 |  5.8
Dodging        | 2 3 |  3.4
Stealth        | 4 0 |  0.0
Shields        | 1 |  1.6
Fighting       | 4 |  4.5
Ranged Weapons | 1 |  1.6

Action                   |  1- 3 |  4- 6 |  7- 9 || total
-------------------------+-------+-------+-------++-------
Melee: Hand axe          |    96 |   123 |    69 ||   288
       Tailslap          |     8 |    11 |    10 ||    29
       Punch             |       |       |     3 ||     3
 Fire: Arbalest          |       |    11 |       ||    11
Invok: Sacrifice Love    |     1 |       |       ||     1
       Sacrifice Stealth |       |       |     1 ||     1
 Abil: Rolling Charge    |     6 |    20 |     3 ||    29
  Use: Scroll            |     1 |       |     6 ||     7
       Potion            |     1 |       |     3 ||     4
 Stab: Sleeping          |     3 |     2 |       ||     5
       Invisible         |     1 |     1 |       ||     2
Armor: Leather armour    |    17 |       |       ||    17
       Skin              |     2 |       |       ||     2
       Robe              |     1 |    33 |    12 ||    46
Dodge: Dodged            |    65 |    86 |    34 ||   185
Block: Kite shield       |     4 |    29 |       ||    33
